 Dungeon Crawl Stone Soup version 0.29-a0-384-g6960b1960d (webtiles) character file.

Game seed: 16771881345617707390

2339 porpoise the Skirmisher (level 9, -4/50 HPs)
             Began as a Vine Stalker Wanderer on May 7, 2022.
             Was a Believer of Zin.
             Slain by an orc warrior
             ... wielding a +0 battleaxe
              (12 damage)
             ... on level 5 of the Dungeon on May 8, 2022.
             The game lasted 00:26:47 (4697 turns).

porpoise the Skirmisher (Vine Stalker Wanderer)     Turns: 4697, Time: 00:26:48

Health: -4/50      AC: 10    Str: 17    XL:     9   Next: 43%
Magic:  0/10       EV: 12    Int: 10    God:    Zin [**....]
Gold:   42         SH:  5    Dex: 18    Spells: 8/8 levels left

rFire   . . .      SeeInvis .   a - +0 dagger
rCold   . . .      Faith    .   B - +0 buckler
rNeg    . . .      Spirit   +   F - +0 steam dragon scales
rPois   .          Reflect  .   (no helmet)
rElec   .          Harm     .   D - +0 cloak
rCorr   +          Rampage  .   r - +0 pair of gloves
Will    +....                   f - +1 pair of boots
Stlth   ++++......              (no amulet)
HPRegen 0.96/turn               m - +4 ring of slaying
MPRegen 0.12/turn               v - ring of resist corrosion

@: no status effects
A: fangs 3, regeneration 1, magic shield, antimagic bite, no potion heal 2
a: Renounce Religion, Recite, Vitalisation, Donate Gold


You were on level 5 of the Dungeon.
You worshipped Zin.
Zin was pleased with you.
You visited 2 branches of the dungeon, and saw 6 of its levels.
You also visited: Ossuary.

You collected 179 gold pieces.
You spent 120 gold pieces at shops.
You donated 17 gold pieces to Zin.

Inventory:

Hand Weapons
 a - a +0 dagger (weapon)
 b - a +5 vorpal hunting sling
Missiles
 g - 2 throwing nets
 x - 2 boomerangs
 A - 4 atropa-tipped darts
 G - 4 poisoned darts
Armour
 f - a +1 pair of boots (worn)
 k - a +2 robe of willpower
 r - a +0 pair of gloves (worn)
 z - a +0 scale mail
 B - a +0 buckler (worn)
 D - a +0 cloak (worn)
 F - +0 steam dragon scales (worn)
Jewellery
 h - a ring of fire
 m - a +4 ring of slaying (left hand)
 s - a +6 ring of intelligence
 v - a ring of resist corrosion (right hand)
 w - a ring of fire
Scrolls
 i - 10 scrolls of teleportation
 j - a scroll of amnesia {unknown}
 l - 2 scrolls of enchant weapon
 n - 3 scrolls of identify
 o - a scroll of fear {unknown}
 t - 2 scrolls of magic mapping
 u - a scroll of enchant armour {unknown}
 y - a scroll of brand weapon {unknown}
 C - 2 scrolls of blinking {unknown}
 H - 3 scrolls of vulnerability {unknown}
Potions
 c - a potion of attraction
 d - 8 potions of curing
 e - a potion of berserk rage
 p - 5 potions of might
 q - 3 potions of haste
 E - a potion of cancellation


   Skills:
 - Level 7.0 Fighting
 - Level 4.0 Short Blades
 * Level 5.5 Slings
 - Level 3.1 Armour
 - Level 2.4 Dodging
 - Level 7.0 Stealth
 * Level 2.1 Shields
 - Level 1.0 Evocations


You had 8 spell levels left.
You didn't know any spells.
Your spell library contained the following spells:

 Spells                   Type           Power      Damage    Failure   Level
 Freeze                   Ice            0%         1d3       45%         1
 Frozen Ramparts          Ice            0%         1d2       83%         3
 Gell's Gravitas          Tloc           0%         N/A       83%         3
 Lesser Beckoning         Tloc           0%         N/A       83%         3
 Teleport Other           Tloc           0%         N/A       83%         3
 Hailstorm                Conj/Ice       0%         3d3       99%         4


Dungeon Overview and Level Annotations

Branches:
Dungeon (5/15)             Temple (1/1) D:4         Ossuary (visited)

Altars:
Ashenzari
Cheibriados
Dithmenos
Elyvilon
Fedhas
Gozag
Hepliaklqana
Kikubaaqudgha
Makhleb
Nemelex Xobeh
Okawaru
Qazlal
Ru
Sif Muna
Trog
Uskayaw
Vehumet
Wu Jian
Yredelemnul
Zin
The Shining One

Shops:
D:4 *

Annotations:
D:5 2 transporters, AlmostDecent's ghost, novice GrHu; Eustachio


Innate Abilities, Weirdness & Mutations

You have razor-sharp teeth.
Your natural rate of healing is unusually fast.
When hurt, damage is shared between your health and your magic reserves.
Your bite disrupts and absorbs the magic of your enemies.
Potions cannot restore your health.


Message History

Fire: b) +5 hunting sling (vorpal)
Press: ? - help, Q - select action, (/) - cycle Shift-Dir - straight line, f/p - orc warrior
Aim: an orc warrior, wielding a +0 battleaxe and wearing a +0 plate armour (72% to hit)
You shoot a sling bullet.
The sling bullet barely misses the orc warrior.
The sling bullet hits the quokka!
You kill the quokka!
The quokka's corpse disappears in a puff of smoke!
The orc warrior barely misses you.
Fire: b) +5 hunting sling (vorpal)
Press: ? - help, Q - select action, (/) - cycle Shift-Dir - straight line, f/p - orc warrior
Aim: an orc warrior, wielding a +0 battleaxe and wearing a +0 plate armour (72% to hit)
Okay, then.
a - a +0 dagger (weapon)
Eustachio casts a spell.
The orc warrior hits you with a +0 battleaxe!
* * * LOW HITPOINT WARNING * * *
You hit the orc warrior. You bite the orc warrior. You drain its power.
You feel invigorated.
The orc warrior is lightly wounded.
You hit the orc warrior but do no damage.
The orc warrior is lightly wounded.
You block the orc warrior's attack.
You hit the orc warrior but do no damage.
Your bite misses the orc warrior.
The orc warrior is lightly wounded.
The orc warrior hits you with a +0 battleaxe.
* * * LOW HITPOINT WARNING * * *
You closely miss the orc warrior.
The orc warrior is lightly wounded.
The orc warrior hits you with a +0 battleaxe!
* * * LOW HITPOINT WARNING * * *
Eustachio mumbles some strange words.
You hit the orc warrior but do no damage.
The orc warrior is lightly wounded.
The orc warrior barely misses you.
You hit the orc warrior.
The orc warrior is moderately wounded.
The orc warrior hits you with a +0 battleaxe!
You die...

#.#
#.............
#.#####
#.####........
#.....#
#....#........
#####.#
####.#........
#.# #.##.......
#.# #.##.......
#.# #..........
#.# ######...##
#@# #.#... #o#
#...## #####b#
#.### #...@r##
*#######.###
****#.###5.#
*..........#
**,,,,,#....#
*.######.#.#
*,,*.....#..# *,*
#.#.#
*,*##...###.#**,*
#.#.#
*,,#..#..#.).,,,*
#.#.#


You could see Eustachio, an orc warrior, a shadow imp (summoned), a quokka
(summoned) and a bat (summoned).

Vanquished Creatures
  A steam dragon (D:5)
  Duvessa (D:5)
  An orc warrior (D:3)
  A black bear (D:5)
  A centaur (D:4)
  2 phantoms
  A necrophage (D:5)
  2 water moccasin zombies (Ossuary)
  2 wyvern zombies (Ossuary)
  3 scorpions (D:5)
  Dowan (D:5)
  A jelly (D:5)
  7 bullfrog zombies (Ossuary)
  3 hounds
  4 orc priests
  18 mummies (Ossuary)
  Jessica (D:2)
  Natasha (thrice) (D:3)
  3 iguanas
  A howler monkey zombie (Ossuary)
  3 adders
  2 shadow imps (D:5)
  An ufetubus (D:2)
  A worm (D:3)
  3 dart slugs
  17 orcs
  4 bats
  8 endoplasms
  4 giant cockroaches
  5 goblins
  4 hobgoblins
  5 jackals
  3 quokkas
  3 ball pythons
  5 frilled lizards
  A goblin zombie (D:5)
  13 kobolds
  A quokka zombie (D:5)
  3 rats
143 creatures vanquished.

Vanquished Creatures (others)
  A ghoul (D:1)
  A minotaur (D:1)
  2 demonspawn (D:1)
  A vine stalker (D:1)
  A troll (D:1)
  2 humans (D:1)
  A dwarf (D:1)
  A tengu (D:1)
  A mummy (D:1)
  A kobold (D:1)
  8 tentacles (D:1)
  5 withered plants (Ossuary)
25 creatures vanquished.

Grand Total: 168 creatures vanquished

Notes
Turn   | Place    | Note
-------+----------+-------------------------------------------
     0 | D:1      | porpoise the Vine Stalker Wanderer began the quest for the
                  | Orb.
     0 | D:1      | porpoise set off with the following items: a +0 dagger, 2
                  | throwing nets, a potion of attraction, a potion of curing,
                  | a potion of berserk rage, a +0 leather armour
     0 | D:1      | Reached XP level 1. HP: 12/12 MP: 2/2
     0 | D:1      | Noticed a minotaur
     0 | D:1      | Noticed a demonspawn
     0 | D:1      | Noticed a dwarf
     0 | D:1      | Noticed a demonspawn
     0 | D:1      | Noticed a human
     0 | D:1      | Noticed a human
     0 | D:1      | Noticed a kraken
     0 | D:1      | Noticed a vine stalker
     0 | D:1      | Noticed a tengu
     0 | D:1      | Noticed a ghoul
     0 | D:1      | Noticed a troll
     4 | D:1      | Killed a human
     5 | D:1      | Killed a tengu
     7 | D:1      | Killed a minotaur
     8 | D:1      | Killed a dwarf
    10 | D:1      | Killed a demonspawn
    11 | D:1      | Killed a demonspawn
    15 | D:1      | Killed a human
    15 | D:1      | Killed a vine stalker
    18 | D:1      | Killed a troll
    21 | D:1      | Killed a ghoul
   325 | D:1      | Reached XP level 2. HP: 17/17 MP: 3/3
   538 | D:1      | Reached skill level 1 in Short Blades
   833 | D:1      | Reached XP level 3. HP: 21/21 MP: 4/4
  1383 | D:2      | Found a shadowy altar of Dithmenos.
  1406 | D:2      | Gained mutation: Your natural rate of healing is unusually
                  | fast. [Vine Stalker growth]
  1406 | D:2      | Reached XP level 4. HP: 24/25 MP: 5/5
  1425 | D:2      | Noticed Jessica
  1429 | D:2      | Killed Jessica
  1747 | D:3      | Noticed a phantom
  1754 | D:3      | Killed a phantom
  1755 | D:3      | Reached XP level 5. HP: 29/30 MP: 6/6
  1833 | D:3      | Found a faded altar of an unknown god.
  1847 | D:3      | You fall into a shaft and drop 1 floor!
  1856 | D:4      | Found a staircase to the Ecumenical Temple.
  1870 | Temple   | Entered the Ecumenical Temple
  1972 | Temple   | Became a worshipper of Zin the Law-Giver
  2008 | D:4      | Noticed a centaur
  2022 | D:4      | Killed a centaur
  2023 | D:4      | Reached skill level 5 in Fighting
  2023 | D:4      | Reached XP level 6. HP: 34/35 MP: 7/7
  2321 | D:3      | Reached * piety under Zin
  2373 | D:3      | Noticed Natasha
  2376 | D:3      | Killed Natasha
  2539 | D:3      | Noticed an orc warrior
  2549 | D:3      | Killed an orc warrior
  2550 | D:3      | Reached XP level 7. HP: 12/39 MP: 1/8
  2673 | D:3      | Noticed Natasha
  2678 | D:3      | Killed Natasha
  2896 | D:3      | Noticed Natasha
  2898 | D:3      | Killed Natasha
  3143 | D:4      | Found Cimar's General Store.
  3146 | D:4      | Bought 2 scrolls of magic mapping for 70 gold pieces
  3146 | D:4      | Bought a scroll of teleportation for 30 gold pieces
  3146 | D:4      | Bought a scroll of identify for 20 gold pieces
  3336 | D:5      | Entered Level 5 of the Dungeon
  3342 | D:5      | Reached skill level 1 in Slings
  3374 | D:5      | Found a sand-covered staircase.
  3389 | Ossuary  | Entered an ossuary
  3405 | Ossuary  | Reached skill level 5 in Stealth
  3419 | Ossuary  | Gained mutation: You have razor-sharp teeth. [Vine Stalker
                  | growth]
  3419 | Ossuary  | Reached XP level 8. HP: 38/44 MP: 5/9
  3428 | Ossuary  | Reached ** piety under Zin
  3486 | Ossuary  | Zin protects you from harm!
  4095 | D:5      | Reached XP level 9. HP: 50/50 MP: 10/10
  4113 | D:5      | HP: 2/50 [something (1)]
  4121 | D:5      | Reached skill level 5 in Slings
  4292 | D:5      | Found a transporter.
  4318 | D:5      | Noticed a hornet
  4320 | D:5      | Found a transporter.
  4320 | D:5      | Noticed AlmostDecent's ghost (novice GrHu)
  4449 | D:5      | Noticed Duvessa
  4453 | D:5      | Noticed Dowan
  4463 | D:5      | Killed Duvessa
  4464 | D:5      | Reached skill level 1 in Shields
  4468 | D:5      | Killed Dowan
  4678 | D:5      | Noticed Eustachio
  4697 | D:5      | Slain by an orc warrior

Illustrated notes

Levels and vault maps discovered:
D:1:      nicolae_arrival_kraken_aquarium_a, layout_loops_ring
D:2:      layout_loops_ring, basic_altar, minmay_quantized, uniq_jessica
D:3:      layout_basic, basic_ecumenical_altar, minmay_misc_feat_chi,
          uniq_natasha
D:4:      layout_basic, minmay_temple_entry_hall, serial_shops,
          nicolae_shop_behind_doors, kennysheep_path_1
D:5:      layout_loops_ring, gammafunk_ghost_arena, enter_ossuary_4,
          st_stairs_10, minmay_strange_pillars, minmay_liquid_box,
          kennysheep_windowed_goal, uniq_duvessa, uniq_eustachio
Temple:   compressed_dpeg_circular_temple

Skill      XL: |  1  2  3  4  5  6  7  8  9 |
---------------+----------------------------+-----
Short Blades   | 1 2 3 4 |  4.0
Stealth        | 2 3 4 5 6 7 |  7.0
Fighting       | 4 5 6 7 |  7.0
Slings         | 2 4 5 |  5.5
Armour         | 2 3 |  3.1
Shields        | 2 |  2.1
Dodging        | |  2.4
Evocations     | |  1.0

Action                   |  1- 3 |  4- 6 |  7- 9 || total
-------------------------+-------+-------+-------++-------
Melee: Dagger            |     1 |    14 |    74 ||    89
       Bite              |     1 |     4 |    33 ||    38
       Punch             |       |       |     3 ||     3
 Fire: Hunting sling     |    73 |    68 |   199 ||   340
  Use: Potion            |       |     1 |       ||     1
       Scroll            |       |       |     7 ||     7
 Stab: Sleeping          |       |     1 |       ||     1
Armor: Leather armour    |     4 |       |       ||     4
       Robe              |     5 |     8 |       ||    13
       Scale mail        |       |     5 |    74 ||    79
       Steam dragon scal |       |       |     7 ||     7
Dodge: Dodged            |    24 |    31 |    75 ||   130
Block: Buckler           |       |       |     4 ||     4

Table legend: (Time is in decaauts)
 A = Elapsed time spent in this place.
 B = Non-inter-level travel time spent in this place.
 C = Inter-level travel time spent in this place.
 D = Time resting spent in this place.
 E = Time spent auto-exploring this place.
 F = Levels seen in this place.
 G = Mean time per level.
                   A        B        C        D        E       F      G
               +--------+--------+--------+--------+--------+-----+--------+
         Total |   4909 |   4734 |    175 |    540 |   2891 |   7 |  701.3 |
       Dungeon |   4140 |   4006 |    134 |    397 |   2709 |   5 |  828.0 |
        Temple |    116 |     75 |     41 |      0 |     54 |   1 |  116.0 |
       Ossuary |    652 |    652 |      0 |    143 |    128 |   1 |  652.0 |
               +--------+--------+--------+--------+--------+-----+--------+

Top non-repeatable levels by time:
     D:1: 960 daAuts
     D:3: 855 daAuts
     D:5: 830 daAuts
     D:2: 828 daAuts
     D:4: 665 daAuts
 Ossuary: 652 daAuts
  Temple: 116 daAuts
